Map: Data-C

Players

Aldaron

  • Race: Zerg Zerg
  • League: Diamond
  • Spawn Location: 3:00

WakaK - Winner!

  • Race: Protoss Protoss
  • League: Diamond
  • Spawn Location: 9:00

VOD

Have the link to the VOD?

Description

Time

  • Played on: Oct. 3, 2022, 10:03 a.m.
  • Length: 3:38
Show
View Real Time Build Order
Export as new Build Order

Aldaron Zerg 

Build Orders: Hatch First 

Get SALT Encoding   

  12  0:00  Drone  
  13  0:10  Drone  
  14  0:16  Overlord  
  14  0:35  Drone x3  
  17  0:46  Drone  
  18  0:56  Hatchery  
  17  1:10  Drone x2  
  19  1:12  Extractor  
  18  1:21  Spawning Pool  
  18  1:25  Drone  
  18  1:35  Drone  
  19  1:45  Drone  
  20  1:52  Hatchery  
  19  2:02  Overlord  
  19  2:08  Queen  
  21  2:16  Metabolic Boost  
  21  2:22  Queen  
  23  2:30  Drone x2  
  23  2:31  Drone  
  23  2:33  Drone  
  23  2:36  Drone  
  28  2:38  Drone  
  29  2:58  Overlord  
  29  3:00  Drone x3  
Show
View Real Time Build Order
Export as new Build Order

WakaK Protoss - Winner!

Build Orders: 1 Gate Expand 

Get SALT Encoding   

  12  0:00  Probe  
  13  0:12  Probe  
  14  0:19  Pylon  
  14  0:24  Probe  
  15  0:38  Gateway  
  15  0:39  Probe (Chrono Boost)  
  16  0:44  Assimilator  
  17  0:50  Probe (Chrono Boost)  
  17  0:54  Probe (Chrono Boost)  
  18  1:06  Probe  
  19  1:18  Probe  
  20  1:25  Nexus  
  20  1:36  Cybernetics Core  
  20  1:37  Probe  
  21  1:42  Assimilator  
  21  1:49  Probe  
  21  1:53  Pylon  
  22  2:01  Probe (Chrono Boost)  
  23  2:13  Probe (Chrono Boost), Stalker  
  26  2:21  Probe (Chrono Boost)  
  27  2:27  Shield Battery  
  27  2:28  Probe  
  28  2:37  Probe  
  29  2:40  Probe  
  29  2:42  Stargate  
  30  2:50  Probe (Chrono Boost)  
  33  2:52  Probe (Chrono Boost)  
  33  2:54  Sentry  
  34  3:01  Probe (Chrono Boost)  
  34  3:02  Probe (Chrono Boost)  
  36  3:05  Probe (Chrono Boost)  
  36  3:07  Probe (Chrono Boost)  
  36  3:10  Assimilator  
  38  3:15  Assimilator  
  38  3:16  Probe (Chrono Boost)  
  40  3:24  Probe (Chrono Boost), Pylon  
  40  3:25  Probe (Chrono Boost)  
Tags
 
Add a new tag
Caveats
  • Supply blocks, unpowered buildings, or Contaminate may cause inaccurate times.
  • Supply counts are checked every 10 seconds.